 Dungeon Sprint DCSS version 0.21.1-1-g345015f (webtiles) character file.

128 Dfrag the Ruffian (level 4, -1/52 HPs)
             Began as a Troll Berserker on Feb 25, 2018.
             Was a Priest of Trog.
             Killed from afar by a deep elf mage (23 damage)
             ... with a lance of force
             ... in the Dungeon (Sprint III: "The Ten Rune Challenge").
             The game lasted 00:00:39 (237 turns).

Dfrag the Ruffian (Troll Berserker)                  Turns: 237, Time: 00:00:40

Health: -1/52      AC:  5    Str: 26    XL:     4   Next: 87%
Magic:  3/3        EV: 10    Int:  3    God:    Trog [***...]
Gold:   30         SH:  0    Dex:  9    Spells: 3/3 levels left

rFire    . . .     SeeInvis .     - Unarmed
rCold    . . .     Gourm    +   (no shield)
rNeg     . . .     Faith    .   a - +0 animal skin
rPois    .         Spirit   .   (helmet restricted)
rElec    .         Reflect  .   (no cloak)
rCorr    .         Harm     .   (gloves unavailable)
MR       .....     NoTele   +   (boots unavailable)
Stlth    +.........             (no amulet)
HPRegen  0.57/turn              (no ring)
MPRegen  0.08/turn              (no ring)

@: starving
A: large, unfitting armour, claws 3, fast metabolism 3, gourmand, regeneration
1, shaggy fur 1, tough skin 2
a: Berserk, Trog's Hand, Burn Spellbooks, Renounce Religion


You were in the Dungeon.
You worshipped Trog.
Trog was most pleased with you.
You were starving.

You visited 1 branch You collected 30 gold pieces.

Inventory:

Armour
 a - a +0 animal skin (worn)
Scrolls
 h - a scroll of blinking
 l - 2 scrolls of holy word {unknown}
 m - 4 scrolls of identify
 n - a scroll of magic mapping {unknown}
Potions
 c - a potion of curing
 d - 2 potions of heal wounds
 e - a potion of haste
 f - 2 potions of magic
 g - a potion of berserk rage
 i - 3 potions of flight {unknown}
 j - a potion of might {unknown}
 k - 4 potions of mutation {unknown}
Comestibles
 b - 4 rations


   Skills:
 + Level 6.2 Fighting
 - Level 2.4 Dodging
 + Level 7.5 Unarmed Combat


You had 3 spell levels left.
You didn't know any spells.

Dungeon Overview and Level Annotations

Branches:
Dungeon (1/1)

Altars:
Elyvilon
Zin
The Shining One


Innate Abilities, Weirdness & Mutations

You are too large for most types of armour.
You have claws for hands.
Your metabolism is lightning-fast.
You like to eat raw meat.
Your natural rate of healing is unusually fast.
You are covered in fur. (AC +1)
You have very tough skin. (AC +2)


Message History

You barely miss the deep elf mage.
The deep elf mage is heavily wounded.
You claw the deep elf mage!
The deep elf mage is severely wounded.
The deep elf mage hits you with a long sword of holy wrath.
You barely miss the deep elf mage.
The deep elf mage is severely wounded.
The deep elf mage hits you with a long sword of holy wrath.
You claw the deep elf mage!
The deep elf mage is almost dead.
The deep elf mage gestures wildly while chanting.
The deep elf mage conjures a globe of magical energy!
A battlesphere comes into view.
You barely miss the deep elf mage.
The deep elf mage is severely wounded.
You barely miss the deep elf mage.
The deep elf mage is severely wounded.
The deep elf mage casts a spell at you. The lance of force hits you!
You die...

▓▓▓▓▓▓ ▓▓▓ .'...♣♣♣♣
♣.##### .#....♣.♣
♣♣.#___# ##......♣
♣..#.e@#
.#....≈.♣♣♣..###*#+###+#
.#...≈≈.♣....#..........
.#..≈≈≈≈♣.♣♣.'.⌠........
'#..≈≈≈≈≈≈...#...######+
.#.≈≈≈≈≈≈....#.⌠.#
.#.≈≈≈≈≈.....#...#
.#.≈≈≈.......#+###
##...........#


You could see a deep elf mage and a battlesphere.

Vanquished Creatures
  A water elemental (D)
  A scorpion (D)
  A human (D)
  An ooze (D)
  3 rats (D)
7 creatures vanquished.

Vanquished Creatures (others)
  A draconian scorcher (D)
  6 hellions (D)
  A yaktaur (D)
8 creatures vanquished.

Grand Total: 15 creatures vanquished

Notes
Turn   | Place    | Note
-------+----------+-------------------------------------------
     0 | D        | Dfrag the Troll Berserker began the quest for the Orb.
     0 | D        | Reached XP level 1. HP: 22/22 MP: 0/0
    13 | D        | Reached ** piety under Trog
    15 | D        | Reached skill level 4 in Unarmed Combat
    42 | D        | Reached skill level 5 in Unarmed Combat
    42 | D        | Reached XP level 2. HP: 32/32 MP: 1/1
    59 | D        | Killed a hellion
    79 | D        | Killed a hellion
    90 | D        | Killed a hellion
   101 | D        | Killed a hellion
   102 | D        | Noticed a scorpion
   104 | D        | Killed a hellion
   109 | D        | Killed a scorpion
   109 | D        | Reached skill level 5 in Fighting
   109 | D        | Reached skill level 6 in Unarmed Combat
   109 | D        | Reached XP level 3. HP: 42/42 MP: 2/2
   109 | D        | Reached XP level 4. HP: 50/50 MP: 3/3
   129 | D        | Killed a white draconian scorcher
   138 | D        | Killed a hellion
   144 | D        | Killed a yaktaur
   162 | D        | Noticed a water elemental
   168 | D        | Killed a water elemental
   168 | D        | Reached *** piety under Trog
   168 | D        | Reached skill level 7 in Unarmed Combat
   219 | D        | Found a glowing silver altar of Zin.
   219 | D        | Found a glowing golden altar of the Shining One.
   219 | D        | Found a white marble altar of Elyvilon.
   220 | D        | Noticed a deep elf mage
   237 | D        | Killed from afar by a deep elf mage

Skill      XL: |  1  2  3  4 |
---------------+-------------+-----
Fighting       | 4 5 6 |  6.2
Unarmed Combat | 5 6 7 |  7.5
Dodging        | |  2.4

Action                   |  1- 3 |  4- 6 || total
-------------------------+-------+-------++-------
Melee: Unarmed           |    16 |    20 ||    36
       Punch             |     2 |     1 ||     3
Invok: Berserk           |     2 |     1 ||     3
Armor: Animal skin       |     3 |       ||     3
Dodge: Dodged            |     6 |     3 ||     9
